 Dungeon Crawl Stone Soup version 0.30-a0-782-ge64f9170bb (webtiles) character file.

Game seed: 14696588944180455879

399 Leeroy the Changer (level 6, -2/38 HPs)
             Began as an Octopode Transmuter on Feb 22, 2023.
             Succumbed to an adder's poison
             ... on level 4 of the Dungeon.
             The game lasted 00:05:37 (2486 turns).

Leeroy the Changer (Octopode Transmuter)            Turns: 2486, Time: 00:05:38

Health: -2/38      AC:  1    Str:  8 (9)  XL:     6   Next: 84%
Magic:  9/9        EV: 14    Int: 14 (16) God:
Gold:   150        SH:  0    Dex: 11 (14) Spells: 2/10 levels left

rFire   . . .      SeeInvis .      - Unarmed
rCold   . . .      Faith    .    (no shield)
rNeg    . . .      Spirit   .    (helmet restricted)
rPois   .          Reflect  .    (no amulet)
rElec   .          Harm     .    (no ring)
rCorr   .          Rampage  .    (no ring)
Will    .....                    (no ring)
Stlth   ++                       (no ring)
HPRegen 0.26/turn                (no ring)
MPRegen 0.11/turn                (no ring)
                                 (no ring)
                                 (no ring)

@: lethally poisoned (-2 -> -14)
A: almost no armour, amphibious, 8 rings, camouflage 1, gelatinous body 1,
(nimble swimmer 1), tentacles
a: no special abilities


You were on level 4 of the Dungeon.
You visited 1 branch of the dungeon, and saw 4 of its levels.

You collected 150 gold pieces.

Inventory:

Hand Weapons
 b - a +4 short sword
 d - a +2 dagger of electrocution
 i - a +0 sling of flaming
Jewellery
 o - a ring of willpower
Scrolls
 f - a scroll of teleportation
 g - 2 scrolls of fear
 k - 2 scrolls of immolation
 l - a scroll of blinking
 p - a scroll of noise
Potions
 a - 2 potions of lignification
 e - 2 potions of curing {unknown}
 h - a potion of degeneration
 j - 3 potions of berserk rage {unknown}
 m - a potion of heal wounds {unknown}
 n - a potion of brilliance {unknown}


   Skills:
 - Level 1.0 Fighting
 - Level 4.1 Dodging
 - Level 3.0 Unarmed Combat
 - Level 2.5 Spellcasting
 + Level 5.7 Transmutations


You had 2 spell levels left.
You knew the following spells:

 Your Spells              Type           Power      Damage    Failure   Level
a - Beastly Appendage     Tmut           34%        N/A       2%          1
b - Spider Form           Tmut/Pois      9%         N/A       21%         3
c - Ice Form              Ice/Tmut       9%         N/A       56%         4

Your spell library contained the following spells:

 Spells                   Type           Power      Damage    Failure   Level
 Wereblood                Tmut           17%        N/A       3%          2
 Blade Hands              Tmut           8%         N/A       52%         5
 Portal Projectile        Hex/Tloc       2%         N/A       56%         3
 Tukima's Dance           Hex            1%         N/A       56%         3


Dungeon Overview and Level Annotations

Branches:
Dungeon (4/15)
 Temple: D:4-7

Altars:
Elyvilon


Innate Abilities, Weirdness & Mutations

You cannot wear most types of armour.
You are amphibious.
You can wear up to eight rings at the same time.
Your skin changes colour to match your surroundings (Stealth+).
Your rubbery body absorbs attacks. (AC +1, EV +1)
((You are camouflaged when in or above water. (Stealth+)))
You have tentacles for arms and can constrict up to eight enemies at once.


Message History

You constrict the hound.
You kill the hound!
A jelly comes into view.
You hear the slow rusting of a very distant drain.
Your tentacle spike disappears.
Found a lumpy red potion.
An adder comes into view.
The adder hisses angrily.
You see here a lumpy red potion.
e - 2 lumpy red potions (gained 1)
The adder barely misses you.
You closely miss the adder. Your grab misses the adder.
Your squeeze misses the adder. The adder bites you.
You are poisoned.
The adder poisons you!
You tentacle-slap the adder. Your grab misses the adder.
The adder is moderately wounded.
You feel sick. The adder bites you.
* * * LOW HITPOINT WARNING * * *
You are lethally poisoned!
The adder poisons you!
You closely miss the adder. Your grab misses the adder.
The adder is moderately wounded.
* * * LOW HITPOINT WARNING * * *
You feel sick. The adder barely misses you. The adder bites you.
* * * LOW HITPOINT WARNING * * *
You miss the adder. You grab the adder.
You squeeze the adder, but do no damage.
The adder is moderately wounded.
You constrict the adder.
* * * LOW HITPOINT WARNING * * *
You feel sick. The adder bites you.
* * * LOW HITPOINT WARNING * * *
You are more poisoned.
The adder poisons you!
It was a potion of degeneration.
There was something very wrong with that liquid.
You feel weakened.
You feel dopey.
You feel clumsy.
You constrict the adder.
You die...

...#.. .... ..... .....
.... #.....# #...
##....... #†.. #........
##... ##.......###....
######.....##........
##..S@.....##.......##
#.....#.##..###......##
.............###......##
.#......###...##........
#.#.... #............#.
#.................#..#.
#######################
# ##


You could see an adder.

Vanquished Creatures
  Edmund (D:4)
  A jelly (D:4)
  3 orc priests (D:3)
  A hound (D:4)
  A gnoll (D:1)
  2 adders (D:2)
  2 worms (D:3)
  3 dart slugs
  5 orcs
  6 ball pythons
  6 bats
  7 endoplasms
  5 giant cockroaches
  6 goblins
  5 hobgoblins
  15 jackals
  6 frilled lizards
  6 kobolds
  4 rats
85 creatures vanquished.

Notes
Turn   | Place    | Note
-------+----------+-------------------------------------------
     0 | D:1      | Leeroy the Octopode Transmuter began the quest for the Orb.
     0 | D:1      | Reached XP level 1. HP: 13/13 MP: 3/3
   159 | D:1      | Reached XP level 2. HP: 14/18 MP: 5/5
   578 | D:1      | Reached XP level 3. HP: 23/23 MP: 6/6
   842 | D:1      | You fall into a shaft and drop 1 floor!
  1007 | D:2      | Learned a level 3 spell: Spider Form
  1057 | D:2      | Reached XP level 4. HP: 22/28 MP: 7/7
  1522 | D:3      | Learned a level 4 spell: Ice Form
  1640 | D:3      | Reached XP level 5. HP: 26/33 MP: 8/8
  1653 | D:3      | Reached skill level 3 in Transmutations
  2098 | D:3      | Reached skill level 4 in Transmutations
  2252 | D:3      | Found a white marble altar of Elyvilon.
  2283 | D:3      | Noticed an ogre
  2313 | D:4      | Noticed Edmund
  2334 | D:4      | Killed Edmund
  2335 | D:4      | Reached skill level 5 in Transmutations
  2335 | D:4      | Reached XP level 6. HP: 11/38 MP: 6/9
  2485 | D:4      | HP: 1/38 [adder (1)]
  2486 | D:4      | Succumbed to an adder's poison

Illustrated notes

Levels and vault maps discovered:
D:1:      lightli_iron_boxes, layout_loops_ring, corexii_hall_statues_l
D:2:      minmay_inner_zag, layout_rooms, hangedman_glass_teeth
D:3:      layout_rooms, elyvilon_altar_3
D:4:      layout_cave_pools, nicolae_tso_carved_into_rock,
          lightli_temple_of_fire, nicolae_ru_path_of_blood,
          cheibrodos_sewer_entry_bend, uniq_edmund

Skill      XL: |  1  2  3  4  5 |
---------------+----------------+-----
Dodging        | 3 4 |  4.1
Transmutations | 5 |  5.7
Fighting       | |  1.0
Unarmed Combat | |  3.0
Spellcasting   | |  2.5

Action                     |  1- 3 |  4- 6 || total
---------------------------+-------+-------++-------
  Melee: Unarmed           |    14 |   129 ||   143
         Constrict         |    12 |    42 ||    54
         Tentacles         |     6 |    37 ||    43
         Dagger            |    41 |    16 ||    57
         Short sword       |    10 |       ||    10
         Punch             |     1 |     7 ||     8
         Kick              |       |     5 ||     5
   Cast: Spider Form       |       |     1 ||     1
         Beastly Appendage |       |     1 ||     1
    Use: Scroll            |       |     5 ||     5
         Potion            |       |     1 ||     1
   Stab: Sleeping          |     8 |     1 ||     9
         Distracted        |       |     1 ||     1
 Armour: Skin              |     5 |     6 ||    11
  Dodge: Dodged            |    36 |   113 ||   149

Table legend: (Time is in decaauts)
 A = Elapsed time spent in this place.
 B = Non-inter-level travel time spent in this place.
 C = Inter-level travel time spent in this place.
 D = Time resting spent in this place.
 E = Time spent auto-exploring this place.
 F = Levels seen in this place.
 G = Mean time per level.
                   A        B        C        D        E       F      G
               +--------+--------+--------+--------+--------+-----+--------+
         Total |   2477 |   2441 |     36 |    488 |   1294 |   4 |  619.2 |
       Dungeon |   2477 |   2441 |     36 |    488 |   1294 |   4 |  619.2 |
               +--------+--------+--------+--------+--------+-----+--------+

Top non-repeatable levels by time:
     D:2: 863 daAuts
     D:1: 840 daAuts
     D:3: 601 daAuts
     D:4: 171 daAuts
